 Dungeon Crawl Stone Soup version 0.29.1-12-g30fa7ad0bf (webtiles) character file.

Game seed: 9740381305028418275

2289 hawla the Arsonist (level 9, -5/64 HPs)
             Began as a Meteoran Fire Elementalist on Jan 10, 2023.
             Killed by an exploding black bear (20 damage)
             ... ignited by their inner flame
             ... on level 7 of the Dungeon.
             The game lasted 00:10:37 (2019 turns).

hawla the Arsonist (Meteoran Fire Elementalist)     Turns: 2019, Time: 00:10:38

Health: -5/64      AC:  5    Str:  9    XL:     9   Next: 99%
Magic:  3/31       EV: 13    Int: 25    God:
Gold:   166        SH:  0    Dex: 16    Spells: 15/25 levels left

rFire   . . .      SeeInvis .   u - +8 mace "Qiwyt" {vorpal, rF- Will+ Int+4}
rCold   + . .      Faith    .   (no shield)
rNeg    . . .      Spirit   .   A - +1 robe {rC+}
rPois   .          Reflect  .   e - +0 hat
rElec   .          Harm     .   (no cloak)
rCorr   .          Rampage  .   v - +0 pair of gloves
Will    ++...                   q - +0 pair of boots
Stlth   +.........              (no amulet)
HPRegen 0.20/turn               h - ring of magical power
MPRegen 0.22/turn               i - ring of protection from fire

@: glowing
A: sense surroundings 2, otherworldly, glowing, explore regen
a: no special abilities


You were on level 7 of the Dungeon.
You visited 1 branch of the dungeon, and saw 7 of its levels.

You collected 166 gold pieces.

Inventory:

Hand Weapons
 u - the +8 mace "Qiwyt" (weapon) {vorpal, rF- Will+ Int+4}
   (You found it on level 2 of the Dungeon)

   It inflicts extra damage upon your enemies.
   Int:       It affects your intelligence (+4).
   rF:        It makes you vulnerable to fire.
   Will:      It increases your willpower.
Armour
 e - a +0 hat (worn)
 q - a +0 pair of boots (worn)
 v - a +0 pair of gloves (worn)
 A - a +1 robe of cold resistance (worn)
 B - a +1 robe of willpower
Magical Staves
 t - a staff of cold
Jewellery
 h - a ring of magical power (left hand)
 i - a ring of protection from fire (right hand)
 k - a +4 ring of evasion
 p - a ring of positive energy
Wands
 r - a wand of paralysis (5) (quivered)
 z - a wand of digging (5)
Scrolls
 n - 2 scrolls of identify
 o - a scroll of poison {unknown}
 y - a scroll of fear {unknown}
Potions
 b - 2 potions of magic
 c - 2 potions of heal wounds {unknown}
 g - 3 potions of curing {unknown}
 j - a potion of flight
 l - a potion of degeneration {unknown}
 s - a potion of ambrosia {unknown}
 w - 2 potions of brilliance {unknown}
 x - 2 potions of attraction {unknown}


   Skills:
 + Level 1.1 Fighting
 + Level 4.0 Dodging
 - Level 1.4 Stealth
 + Level 8.5 Spellcasting
 + Level 7.7 Conjurations
 + Level 9.0 Fire Magic
 + Level 3.0 Evocations


You had 15 spell levels left.
You knew the following spells:

 Your Spells              Type           Power      Damage    Failure   Level
a - Foxfire               Conj/Fire      100%       2x1d9     1%          1
b - Scorch                Fire           100%       2d10      1%          2
c - Flame Wave            Conj/Fire      51%        2d13      1%          4
d - Dazzling Flash        Conj/Hex       60%        N/A       3%          3

Your spell library contained the following spells:

 Spells                   Type           Power      Damage    Failure   Level
 Conjure Flame            Conj/Fire      51%        6-21      1%          3
 Inner Flame              Hex/Fire       33%        N/A       2%          3
 Summon Small Mammal      Summ           40%        N/A       6%          1
 Call Canine Familiar     Summ           10%        N/A       17%         3
 Summon Guardian Golem    Hex/Summ       10%        N/A       17%         3
 Agony                    Necr           10%        N/A       85%         5
 Silence                  Hex/Air        5%         N/A       85%         5


Dungeon Overview and Level Annotations

Branches:
Dungeon (7/15) Zot: 2179
 Temple: D:4-7

Altars:
Nemelex Xobeh
Uskayaw


Innate Abilities, Weirdness & Mutations

You passively map the area around you.
You are easily found by Zot.
You glow in the dark.
You regain HP and MP as you explore.


Message History

An orc comes into view. It is wielding a +0 flail.
An orc comes into view. It is wielding a +0 dagger.
The orc warrior misses you.
Unknown command.
Casting: Foxfire (safe; 1% risk of failure)
Confirm with . or Enter, or press ? or * to list all spells.
You conjure some foxfire!
The foxfire hits the orc warrior.
The orc warrior is heavily wounded.
The foxfire hits the orc warrior.
The orc warrior is heavily wounded.
The foxfire hits the black bear.
The black bear is lightly wounded.
The orc warrior hits you from afar with a +0 trident.
An orc comes into view. It is wielding a +0 dagger.
As you read the scroll labelled DICACIMNIC, it crumbles to dust.
The creatures around you are filled with an inner flame!
It was a scroll of immolation.
The foxfire hits the black bear.
Flame seeps out of the black bear.
The black bear is moderately wounded.
The orc warrior hits you from afar with a +0 trident.
As you read the scroll labelled BAUHOE YWUECZO, it crumbles to dust.
The scroll dissolves into smoke.
It was a scroll of fog.
The black bear is engulfed in blazing flames.
Flame seeps out of the black bear.
The black bear bites you. The black bear claws you. The black bear misses you.
The orc warrior closely misses you.
As you read the scroll labelled WUQUC XIGGUBESIMM, it crumbles to dust.
Your body is wracked with pain!
The black bear convulses!
Flame seeps out of the black bear.
The orc warrior convulses!
Flame seeps out of the orc warrior.
The centaur convulses!
Flame seeps out of the centaur.
It was a scroll of torment.
The centaur is engulfed in blazing flames.
Flame seeps out of the centaur.
The centaur shoots an arrow.
The arrow closely misses you.
The orc warrior hits you from afar with a +0 trident.
* * * LOW HITPOINT WARNING * * *
The black bear is engulfed in blazing flames.
The black bear explodes!
The fiery explosion engulfs you!!
You die...

,* , ## * , ##
,... * #.*###
.... , *
....###.... * , ,
,,, ?#........, *
, , * §§§§.....
,, ,
#######§§§§.<..
,,......§@§§.....
, , *,
#######§°§.###.
,,, , ** *#oc○.#
, , * * ** ..o.)#
* * , * ,, , ,*
.....#*,* , ,,
..o....* * , *
#.o.<... * , ,
........#* ,, , ,
, ,, , , *,


You could see an orc warrior (inner flame), a centaur (inner flame) and an orc
(inner flame).

Vanquished Creatures
  A two-headed ogre (D:6)
  Pikel (D:5)
  Menkaure (D:5)
  2 black bears
  An ogre (D:4)
  4 lemures (D:5)
  Blork the orc (D:4)
  A bullfrog (D:7)
  A gnoll sergeant (D:7)
  2 necrophages
  2 scorpions
  4 wights (D:7)
  2 hounds
  3 iguanas
  An orc wizard (D:5)
  6 adders
  9 gnolls
  2 dart slugs
  8 orcs
  4 ball pythons
  6 bats
  3 endoplasms
  7 giant cockroaches
  3 goblins
  3 hobgoblins (D:4)
  5 quokkas
  A frilled lizard (D:1)
  5 kobolds
  A rat (D:1)
90 creatures vanquished.

Vanquished Creatures (others)
  171 foxfires
171 creatures vanquished.

Grand Total: 261 creatures vanquished

Notes
Turn   | Place    | Note
-------+----------+-------------------------------------------
     0 | D:1      | hawla the Meteoran Fire Elementalist began the quest for
                  | the Orb.
     0 | D:1      | Reached XP level 1. HP: 14/14 MP: 5/5
    27 | D:1      | Reached skill level 4 in Fire Magic
    27 | D:1      | Reached XP level 2. HP: 20/20 MP: 2/6
    30 | D:1      | Learned a level 2 spell: Scorch
   339 | D:2      | Reached XP level 3. HP: 26/26 MP: 4/8
   489 | D:4      | Reached XP level 4. HP: 33/33 MP: 1/10
   494 | D:4      | Learned a level 4 spell: Flame Wave
   500 | D:4      | Noticed a +0 dagger
   500 | D:4      | Noticed a +0 falchion
   501 | D:4      | Noticed a +0 falchion
   502 | D:4      | Noticed a +0 dagger
   536 | D:4      | Noticed Blork the orc
   545 | D:4      | Killed Blork the orc
   546 | D:4      | Reached XP level 5. HP: 18/38 MP: 0/11
   588 | D:4      | Reached XP level 6. HP: 41/45 MP: 6/12
   656 | D:4      | Reached skill level 5 in Fire Magic
   731 | D:5      | Entered Level 5 of the Dungeon
   875 | D:4      | Reached skill level 5 in Conjurations
   903 | D:4      | Noticed a +0 spear
   904 | D:4      | Noticed a +0 short sword
   905 | D:4      | Noticed a +0 short sword
   907 | D:4      | Noticed a +0 spear
   994 | D:4      | Found a sparkling altar of Nemelex Xobeh.
  1023 | D:4      | Found a hide-covered altar of Uskayaw.
  1047 | D:4      | Noticed an ogre
  1055 | D:4      | Killed an ogre
  1056 | D:4      | Reached XP level 7. HP: 26/50 MP: 13/14
  1098 | D:4      | Learned a level 3 spell: Dazzling Flash
  1165 | D:2      | Identified the +8 mace "Qiwyt" {vorpal, rF- Will+ Int+4}
  1294 | D:5      | Noticed Pikel
  1305 | D:5      | Killed Pikel
  1306 | D:5      | Reached skill level 6 in Fire Magic
  1306 | D:5      | Reached XP level 8. HP: 45/58 MP: 3/18
  1323 | D:5      | Noticed Menkaure
  1330 | D:5      | Killed Menkaure
  1331 | D:5      | Reached skill level 7 in Fire Magic
  1936 | D:6      | Noticed a two-headed ogre
  1938 | D:6      | Reached skill level 1 in Evocations
  1945 | D:6      | Gained mutation: You passively map the area around you.
                  | [Meteoran growth]
  1945 | D:6      | Reached XP level 9. HP: 35/63 MP: 8/19
  1945 | D:6      | Killed a two-headed ogre
  1946 | D:6      | Reached skill level 8 in Fire Magic
  1994 | D:7      | Reached skill level 1 in Fighting
  2015 | D:7      | Reached skill level 9 in Fire Magic
  2019 | D:7      | Killed by an exploding black bear... ignited by their inner
                  | flame

Illustrated notes

Levels and vault maps discovered:
D:1:      reono_arrival_mine, layout_basic, serial_shops,
          nicolae_shop_temple_entry_statues_fountains, item_on_display_a
D:2:      layout_rooms, hellmonk_ecumenical_altar_defaced_shrine, uniq_terence
D:3:      layout_rooms
D:4:      layout_rooms, lemuel_doored_altar, nicolae_uskayaw_en_pointe,
          grunt_ministairs_15, minmay_starry_boxes, uniq_blork_the_orc
D:5:      layout_basic, uniq_menkaure, uniq_pikel
D:6:      layout_cave_pools, gammafunk_temple_overflow_pools, serial_gnoll_camp,
          gnoll_camp_mini_house, gnoll_camp_huts_basic, grums_kennel,
          gnoll_camp_mini_hut
D:7:      layout_rooms, minmay_temple_entry_statues_pillars, st_stairs_8,
          grunt_livestock, chequers_serial_rivers_large_a

Skill      XL: |  1  2  3  4  5  6  7  8  9 |
---------------+----------------------------+-----
Fire Magic     | 4 5 6 7 9 |  9.0
Spellcasting   | 3 4 6 8 |  8.5
Conjurations   | 2 4 5 6 7 |  7.7
Dodging        | 3 4 |  4.0
Evocations     | 3 |  3.0
Fighting       | 1 |  1.1
Stealth        | |  1.4

Action                   |  1- 3 |  4- 6 |  7- 9 || total
-------------------------+-------+-------+-------++-------
Melee: Unarmed           |     5 |     1 |       ||     6
       Mace              |       |       |     1 ||     1
       Punch             |       |       |     1 ||     1
 Cast: Foxfire           |    38 |    25 |    40 ||   103
       Scorch            |     2 |    21 |    15 ||    38
       Flame Wave        |       |       |     8 ||     8
       Dazzling Flash    |       |       |     4 ||     4
  Use: Scroll            |     4 |       |     4 ||     8
Armor: Robe              |     6 |       |     7 ||    13
Dodge: Dodged            |     8 |     4 |    34 ||    46
